Unix NetHack Version 3.7.0-59 Work-in-progress - last build May 16 2022 12:43:45 (a5643931ae982fe3d73c1e8fa12183825c7d6632,branch:master). Game began 2022-05-16 20:50:51, ended 2022-05-16 21:34:32. ang3l, lawful female dwarven Valkyrie # --.----------- |<............## --- -------- |............| # --.-- ------------ #-......| #i.............### --..(-- ##...........| #|......| @|...$........| ###-...>.. # |........).| #|.....>| #|.........._..# # --...-- # ----|------- #|......| #-------------- ###--.-- # # #-------- $ [ --- # # ### # ###### # ## # # ##----------# #### )# ## ##|........|# ### # -------# ##-........-# --.-- ------# |![)?.|# |.....(..| |...| |....|# |..*..-# ---------- ##.....## |....|# |?[...| |...| ## |....|# |!.=.*| ----- # |..|..# ------- ### |....| ###*....| ------ Ang3l the Skirmisher St:25 Dx:10 Co:20 In:7 Wi:11 Ch:8 Lawful S:860 Dlvl:3 $:0 HP:0(69) Pw:9(9) AC:-1 Xp:5/175 T:3081 Latest messages: The homunculus bites! The homunculus bites! The homunculus bites! The homunculus bites! The homunculus misses! The homunculus bites! The homunculus bites! The homunculus bites! The homunculus bites! The homunculus bites! The homunculus bites! The homunculus bites! The homunculus misses! The homunculus bites! The homunculus bites! The homunculus bites! The homunculus misses! The homunculus misses! The homunculus bites! The homunculus bites! The homunculus bites! The homunculus bites! The homunculus bites! The homunculus bites! The homunculus bites! The homunculus bites! The homunculus misses! The homunculus bites! The homunculus bites! The homunculus bites! The homunculus misses! The newt misses! The homunculus bites! The newt bites! The homunculus bites! The newt bites! The homunculus bites! The homunculus bites! The newt misses! The homunculus misses! You can move again. You pull on the leash. You pull on the leash. Kuzia's leash snaps loose! The dungeon acoustics noticeably change. The homunculus bites! You are put to sleep by the homunculus! The homunculus bites! The homunculus bites! You die... Major events: Turn 1: ang3l the lawful dwarven Valkyrie entered the dungeon 851: attained the rank of Skirmisher (level 3) 3081: killed by a homunculus, while sleeping Inventory: Weapons (')') b - an uncursed +0 dagger M - an uncursed +0 elven dagger v - an uncursed +0 orcish dagger (at the ready) a - an uncursed +1 long sword (weapon in hand) Armor ('[') w - an uncursed +0 helmet (being worn) Y - an uncursed +0 pair of gauntlets of power (being worn) c - an uncursed +3 small shield (being worn) B - an uncursed +0 cloak of invisibility i - an uncursed +0 chain mail (being worn) Comestibles ('%') r - 3 uncursed pumpkin muffins d - 4 uncursed food rations z - an uncursed fortune cookie S - an uncursed lembas wafer n - an uncursed sprig of wolfsbane s - an uncursed tripe ration T - an uncursed tin of deep fried newt meat y - a blessed tin of pureed gecko meat e - 3 uncursed eggs h - 3 uncursed lichen corpses Scrolls ('?') W - an uncursed scroll of enchant armor named ea/rc g - an uncursed scroll of genocide named 150 O - an uncursed scroll of identify named identify C - 2 uncursed scrolls of light named light j - an uncursed scroll of magic mapping named 50 I - a cursed scroll of punishment named 150 l - an uncursed scroll of remove curse named ea/rc X - an uncursed scroll of scare monster p - an uncursed scroll of stinking cloud named 150 V - an uncursed scroll of teleportation named 50 Potions ('!') J - an uncursed potion of enlightenment named 100 D - an uncursed potion of gain ability named 150 o - a blessed potion of healing named 50 G - an uncursed potion of levitation named 100 u - an uncursed potion of see invisible Z - a potion of unholy water Rings ('=') H - an uncursed ring of free action named 100 A - an uncursed ring of warning named 50 Wands ('/') q - an uncursed wand of lightning (0:3) m - an uncursed wand of polymorph named polymorph (0:6) P - an uncursed wand of teleportation named canc,tele (0:7) Tools ('(') Q - an uncursed leash k - an uncursed magic lamp R - an uncursed tin opener Gems/Stones ('*') K - an uncursed amethyst stone E - 2 uncursed worthless pieces of black glass U - an uncursed worthless piece of black glass named expensive gem t - an uncursed worthless piece of white glass L - 2 uncursed worthless pieces of white glass F - an uncursed worthless piece of yellow glass N - an uncursed worthless piece of yellow glass f - an uncursed worthless piece of yellowish brown glass Ang3l the Valkyrie's attributes: Background: You were a Skirmisher, a level 5 dwarven Valkyrie. You were lawful, on a mission for Tyr who was opposed by Odin (neutral) and Loki (chaotic). You were in the Dungeons of Doom, on level 3. You entered the dungeon 3081 turns ago. There was a full moon in effect when your adventure ended. You had 175 experience points, 145 more were needed to attain level 6. Your score was 860 before end-of-game adjustments. Basics: You had 0 out of 69 hit points. You had all 9 energy points (spell power). Your armor class was -1. Your wallet was empty. Autopickup was on for '$?!/="' plus thrown, with exceptions. Final Characteristics: Your strength was 25 (base:18/01, innate limit:18/100). Your dexterity was 10 (limit:20). Your constitution was 20 (limit:20). Your intelligence was 7 (limit:16). Your wisdom was 11 (limit:16). Your charisma was 8 (limit:16). Final Status: You were not hungry. You were unencumbered. You were wielding a long sword. You had basic skill with long sword. Final Attributes: You were piously aligned. You were cold resistant. You had infravision. You were stealthy. You were warded. You were lucky. You are dead. Miscellaneous: You never encountered a bones level. Total elapsed playing time was 43 minutes and 40 seconds. Vanquished creatures: an imp a rock piercer a rock mole a giant ant 3 floating eyes a kobold leader a rothe 2 dwarf zombies an iguana a gas spore 2 hobbits a hobgoblin 2 giant rats 2 cave spiders a red mold 13 jackals 2 kobolds 2 goblins a sewer rat 6 grid bugs 5 lichens 2 kobold zombies 6 newts 58 creatures vanquished. No species were genocided or became extinct. Voluntary challenges: You read items or engraved 7 times. You engraved Elbereth 1 time. You never genocided any monsters. You never polymorphed an object. You never changed form. You used no wishes. Achievements: You attained the rank of Skirmisher. You entered a shop. The Dungeons of Doom: levels 1 to 4 Level 1: An altar. Level 2: An armor shop, a fountain. Level 3: <- You were here. A general store, an altar, a grave. Final resting place for you, killed by a homunculus, while sleeping. Level 4: A fountain, a grave. Game over: ---------- / \ / REST \ / IN \ / PEACE \ / \ | ang3l | | 0 Au | | killed by a | | homunculus | | | | | | 2022 | *| * * * | * _________)/\\_//(\/(/\)/\//\/|_)_______ Farvel ang3l the Valkyrie... You died in The Dungeons of Doom on dungeon level 3 with 860 points, and 0 pieces of gold, after 3081 moves. You were level 5 with a maximum of 69 hit points when you died.